 Dungeon Crawl Stone Soup version 0.30-a0-424-g7412bad402 (webtiles) character file.

Game seed: 5887364390761446358

21 vineage the Trooper (level 2, 0/33 HPs)
             Began as an Ogre Fighter on Dec 9, 2022.
             Slain by a gnoll
             ... wielding a +0 flail
              (8 damage)
             ... on level 2 of the Dungeon.
             The game lasted 00:01:16 (1059 turns).

vineage the Trooper (Ogre Fighter)                  Turns: 1059, Time: 00:01:16

Health: 0/33       AC:  3    Str: 19    XL:     2   Next: 87%
Magic:  2/2        EV:  8    Int:  9    God:
Gold:   98         SH:  7    Dex:  8    Spells: 1/1 levels left

rFire   . . .      SeeInvis .    a - +0 flail
rCold   . . .      Faith    .    c - +0 kite shield
rNeg    . . .      Spirit   .    b - +0 robe
rPois   .          Reflect  .    (helmet restricted)
rElec   .          Harm     .    (no cloak)
rCorr   .          Rampage  .    (gloves unavailable)
Will    .....                    (boots unavailable)
Stlth   +.........               (no amulet)
HPRegen 0.25/turn                (no ring)
MPRegen 0.08/turn                (no ring)

@: no status effects
A: large, unfitting armour, tough skin 1
a: no special abilities


You were on level 2 of the Dungeon.
You visited 1 branch of the dungeon, and saw 2 of its levels.

You collected 98 gold pieces.

Inventory:

Hand Weapons
 a - a +0 flail (weapon)
Armour
 b - a +0 robe (worn)
 c - a +0 kite shield (worn)
Jewellery
 m - a +6 ring of intelligence
Scrolls
 e - a scroll of blinking {unknown}
 i - a scroll of teleportation {unknown}
 k - a scroll of enchant weapon {unknown}
 l - a scroll of immolation {unknown}
 o - 2 scrolls of identify {unknown}
 p - a scroll of silence {unknown}
Potions
 d - a potion of might
 f - 3 potions of heal wounds {unknown}
 g - a potion of degeneration {unknown}
 h - 2 potions of lignification {unknown}
 j - a potion of ambrosia {unknown}
 n - a potion of curing {unknown}


   Skills:
 * Level 4.5 Fighting
 * Level 2.2 Maces & Flails
 + Level 2.8 Dodging
 + Level 3.1 Shields


You had one spell level left.
You didn't know any spells.
Your spell library contained the following spells:

 Spells                   Type           Power      Damage    Failure   Level
 Sting                    Tmut/Pois      0%         1d3       67%         1
 Poisonous Vapours        Pois/Air       0%         N/A       82%         2
 Portal Projectile        Hex/Tloc       0%         N/A       96%         3
 Tukima's Dance           Hex            0%         N/A       96%         3
 Manifold Assault         Tloc           0%         N/A       100%        4
 Olgreb's Toxic Radiance  Pois           0%         N/A       100%        4
 Blade Hands              Tmut           0%         N/A       100%        5
 Dispersal                Tloc           0%         N/A       100%        6
 Disjunction              Tloc           0%         N/A       100%        8


Dungeon Overview and Level Annotations

Branches:
Dungeon (2/15)

Altars:


Innate Abilities, Weirdness & Mutations

You are too large for most types of armour.
You have tough skin. (AC +1)


Message History

You open the door.
There is an open door here.
f - 3 golden potions (gained 1)
You open the door.
There is an open door here.
You see here 4 stones.
There is a stone staircase leading down here.
A kobold comes into view. It is wielding a +0 club.
A kobold is nearby!
A kobold is nearby!
The kobold shouts!
You barely miss the kobold. The kobold hits you but does no damage.
You barely miss the kobold. You block the kobold's attack. x2
You hit the kobold.
You kill the kobold!
No target in view!
No target in view!
No target in view!
No target in view!
No target in view!
No target in view!
You see here a +0 club.
Found 3 stones.
A gnoll comes into view. It is wielding a +0 flail.
Found a glowing orb.
The gnoll shouts!
A gnoll comes into view. It is wielding a +0 flail.
The gnoll moves out of view.
A gnoll is nearby!
A gnoll comes into view. It is wielding a +0 halberd.
Found a stone staircase leading up.
The gnoll shouts!
You hear a shout!
The gnoll closely misses you.
The gnoll hits you from afar with a +0 halberd.
The gnoll attacks as you move away! The gnoll hits you with a +0 flail!
The gnoll attacks as you move away! The gnoll hits you with a +0 flail.
The gnoll attacks as you move away! The gnoll hits you with a +0 flail!
* * * LOW HITPOINT WARNING * * *
The gnoll attacks as you move away! The gnoll hits you with a +0 flail!
You die...

#.##...#.# #..
..####.#.# #.# ###
#.#.# #.# #...# #.#
##..### # #.#
#..... ####. #.#
##.##.
...[..####.########
#.##.
#..gg@........#
#.###
#......g#.#######.#
#.# # ..#####<#.#
#.# #.# #.#.# #.#
#.### #.#.. #.#
#.##. ##### #.#
#.##. #.####....
#######.#.......
..#.....#.######


You could see 3 gnolls.

Vanquished Creatures
  2 bats (D:1)
  7 endoplasms
  3 hobgoblins (D:1)
  2 kobolds
  A ball python (D:1)
  A goblin (D:1)
  3 rats (D:1)
19 creatures vanquished.

Notes
Turn   | Place    | Note
-------+----------+-------------------------------------------
     0 | D:1      | vineage the Ogre Fighter began the quest for the Orb.
     0 | D:1      | Reached XP level 1. HP: 24/24 MP: 1/1
   282 | D:1      | Reached XP level 2. HP: 28/32 MP: 2/2
  1059 | D:2      | Slain by a gnoll

Illustrated notes

Levels and vault maps discovered:
D:1:      minmay_arrival_loop, layout_loops_ring
D:2:      layout_basic

Skill      XL: |  1 |
---------------+----+-----
Maces & Flails | 2 |  2.2
Fighting       | |  4.5
Dodging        | |  2.8
Shields        | |  3.1

Action                   || total
-------------------------++-------
Melee: Flail             ||    61
 Stab: Sleeping          ||     2
Armor: Robe              ||    25
Dodge: Dodged            ||    30
Block: Kite shield       ||    20

Table legend: (Time is in decaauts)
 A = Elapsed time spent in this place.
 B = Non-inter-level travel time spent in this place.
 C = Inter-level travel time spent in this place.
 D = Time resting spent in this place.
 E = Time spent auto-exploring this place.
 F = Levels seen in this place.
 G = Mean time per level.
                   A        B        C        D        E       F      G
               +--------+--------+--------+--------+--------+-----+--------+
         Total |   1085 |   1077 |      8 |      0 |    890 |   2 |  542.5 |
       Dungeon |   1085 |   1077 |      8 |      0 |    890 |   2 |  542.5 |
               +--------+--------+--------+--------+--------+-----+--------+

Top non-repeatable levels by time:
     D:1: 740 daAuts
     D:2: 344 daAuts
